 Dungeon Crawl Stone Soup version 0.29-a0-919-gd064cfad1c (webtiles) character file.

Game seed: 11426861886232598202

13 spaghetti the Firebug (level 2, 24/24 HPs)
             Began as an Ogre Fire Elementalist on July 25, 2022.
             Was a Follower of Elyvilon.
             Quit the game on level 1 of the Dungeon on July 26, 2022.
             The game lasted 00:01:45 (1319 turns).

spaghetti the Firebug (Ogre Fire Elementalist)      Turns: 1319, Time: 00:01:46

Health: 24/24      AC:  3    Str: 11    XL:     2   Next: 37%
Magic:  5/5        EV:  9    Int: 16    God:    Elyvilon [*.....]
Gold:   43         SH:  0    Dex:  9    Spells: 4/5 levels left

rFire   . . .      SeeInvis .   h - +2 short sword (protect) {short}
rCold   . . .      Faith    .   (no shield)
rNeg    . . .      Spirit   .   a - +0 robe
rPois   .          Reflect  .   (helmet restricted)
rElec   .          Harm     .   (no cloak)
rCorr   .          Rampage  .   (gloves unavailable)
Will    .....                   (boots unavailable)
Stlth   +.........              (no amulet)
HPRegen 0.08/turn               (no ring)
MPRegen 0.09/turn               (no ring)

@: no status effects
A: large, unfitting armour, tough skin 1
a: Renounce Religion, Purification


You were on level 1 of the Dungeon.
You worshipped Elyvilon.
Elyvilon was aware of your devotion.
You visited 1 branch of the dungeon, and saw 1 of its levels.

You collected 43 gold pieces.


Innate Abilities, Weirdness & Mutations

You are too large for most types of armour.
You have tough skin. (AC +1)


   Skills:
 - Level 1.7 Dodging
 - Level 1.4 Stealth
 - Level 2.4 Spellcasting
 + Level 2.1 Conjurations
 - Level 2.6 Fire Magic


You had 4 spell levels left.
You knew the following spells:

 Your Spells              Type           Power      Damage    Failure   Level
a - Foxfire               Conj/Fire      36%        2x1d5     8%          1

Your spell library contained the following spells:

 Spells                   Type           Power      Damage    Failure   Level
 Scorch                   Fire           20%        2d6       10%         2
 Conjure Flame            Conj/Fire      9%         6-21      22%         3
 Inner Flame              Hex/Fire       6%         N/A       34%         3
 Flame Wave               Conj/Fire      9%         2d6       58%         4

Inventory:

Hand Weapons
 c - a +0 dagger {short}
   (You took it off a goblin on level 1 of the Dungeon)
 d - a +0 club {mace}
   (You took it off a goblin on level 1 of the Dungeon)
 h - a +2 short sword of protection (weapon) {short}
   (You took it off a kobold on level 1 of the Dungeon)
Missiles
 f - 4 poisoned darts {throwing}
 j - 8 stones {throwing}
Armour
 a - a +0 robe (worn)
Scrolls
 e - a scroll of identify {unknown}
Potions
 b - a potion of magic
 g - a potion of lignification {unknown}
 i - a potion of curing {unknown}

Dungeon Overview and Level Annotations

Branches:
Dungeon (1/15) Zot: 4681

Altars:
Elyvilon

Annotations:
D:1 1 transporter

.## ..####
.....+ ..####
.## ### ..# #.#
#+######## #.#
#.#....@.# #.#
#.#.####.# #.#
##.#.# .# #.#
#####....# ..
..# #........#
r## ###
#.#.#....# .#
#####..#.#...#
.#
................
.#
#####.#####.####


You could see a quokka (asleep).


Message History

You lost 1 mp, and now have 3/5 mp.
Casting: Foxfire (safe; 8% risk of failure)
Confirm with . or Enter, or press ? or * to list all spells.
There is not enough space to conjure foxfire!
Unknown command.
Casting: Foxfire (safe; 8% risk of failure)
Confirm with . or Enter, or press ? or * to list all spells.
You don't know that spell.
The foxfire hits the kobold.
The foxfire hits the kobold but does no damage.
The kobold hits you with a +2 short sword of protection. 😮 HP[-6]
You take 6 damage, and now have 18/24 hp.
MASSIVE DAMAGE!! (PAUSE)
Casting: Foxfire (safe; 8% risk of failure)
Confirm with . or Enter, or press ? or * to list all spells.
You conjure some foxfire!
The kobold hits you with a +2 short sword of protection. 😮 HP[-4] MP[-1]
You take 4 damage, and now have 14/24 hp.
You lost 1 mp, and now have 2/5 mp.
Casting: Foxfire (safe; 8% risk of failure)
Confirm with . or Enter, or press ? or * to list all spells.
There is not enough space to conjure foxfire!
Unknown command.
The foxfire hits the kobold.
The foxfire hits the kobold but does no damage.
The kobold closely misses you.
Casting: Foxfire (safe; 8% risk of failure)
Confirm with . or Enter, or press ? or * to list all spells.
You conjure some foxfire!
The kobold completely misses you. 😮 HP[+1] MP[-1]
You lost 1 mp, and now have 1/5 mp.
The foxfire hits the kobold.
You kill the kobold!
h - a +2 short sword of protection {short} You see here a kobold corpse.
Your +2 short sword of protection {short} hums with potential!
h - a +2 short sword of protection (weapon)
{short} Key pressed, stopping explore.
Key pressed, stopping explore.
You see here a kobold corpse.
i - a smoky coppery potion 😎 HP[+9] MP[+4]
Your hp is fully restored (24).
Your mp is fully restored (5).
You now have 43 gold pieces (gained 8).
Key pressed, stopping explore.
Key pressed, stopping explore.
An endoplasm comes into view.
The endoplasm quivers.
The endoplasm barely misses you.
You hit the endoplasm.
Your weapon exudes an aura of protection.
The endoplasm hits you but does no damage.
You hit the endoplasm.
You kill the endoplasm!
Search for what [? for help]? altar
There is an open door here.
There is a faded altar of an unknown god here.
You cannot tell which god this altar belongs to.
Convert to them anyway?
Elyvilon accepts your prayer! Elyvilon welcomes you!
You can now purify yourself.
Unknown command.
Press < or > to pray at altars.
Level annotation: 1 transporter 🤖 Initializing magus.rc ...
Options error: Delay interrupt name "hungry" not recognised. (~/.crawlrc:4761) Options error: Bad monster_list_colour key: strict_neutral (~/.crawlrc:4776) Bad channel name for runrest: 'pray:' ✅ Successfully initialized magus.rc [v1.9.6] Welcome back, spaghetti the Ogre Fire Elementalist.
Elyvilon says: Go forth and aid the weak!
Press ? for a list of commands and other information.
Level annotation: 1 transporter 🤖 Initializing magus.rc ...
Options error: Delay interrupt name "hungry" not recognised. (~/.crawlrc:4761) Options error: Bad monster_list_colour key: strict_neutral (~/.crawlrc:4776) Bad channel name for runrest: 'pray:' ✅ Successfully initialized magus.rc [v1.9.6] Welcome back, spaghetti the Ogre Fire Elementalist.
Elyvilon says: Go forth and aid the weak!
Press ? for a list of commands and other information.
Unknown command.
Press < or > to pray at altars.
Unknown command.
Press < or > to pray at altars.
There is a stone staircase leading down here.
There is an open door here.
There is a stone staircase leading down here.
Key pressed, stopping explore.
There is an open door here.
You open the door.
There is an open door here.
Key pressed, stopping explore.
There is an open door here.
There is an open door here.
j - 8 stones {throwing} A quokka comes into view.
Are you sure you want to abandon this character and quit the game? (Confirm with "yes".)

Skill      XL: |  1  2 |
---------------+-------+-----
Conjurations   | 1 2 |  2.1
Dodging        | |  1.7
Stealth        | |  1.4
Spellcasting   | |  2.4
Fire Magic     | |  2.6

Action                   || total
-------------------------++-------
Melee: Unarmed           ||     2
       Dagger            ||     4
       Short sword       ||     2
 Cast: Foxfire           ||    21
 Stab: Sleeping          ||     2
Armor: Robe              ||     3
Dodge: Dodged            ||     8

Levels and vault maps discovered:
D:1:      spicycebolla_arrival_risky_transporter, layout_loops_corners,
          basic_ecumenical_altar, corexii_corridor_pit

Notes
Turn   | Place    | Note
-------+----------+-------------------------------------------
     0 | D:1      | spaghetti the Ogre Fire Elementalist began the quest for
                  | the Orb.
     0 | D:1      | Reached XP level 1. HP: 16/16 MP: 3/3
     0 | D:1      | magus.rc [v1.9.6]
    27 | D:1      | Found a faded altar of an unknown god.
    78 | D:1      | Reached skill level 1 in Conjurations
   229 | D:1      | Reached XP level 2. HP: 24/24 MP: 0/5
   508 | D:1      | Reached skill level 2 in Conjurations
  1088 | D:1      | Prayed at the altar of an unknown god.
  1088 | D:1      | Became a worshipper of Elyvilon the Healer
  1088 | D:1      | Reached * piety under Elyvilon
  1089 | D:1      | magus.rc [v1.9.6]
  1089 | D:1      | Upgraded the game from 0.29-a0-911-g88e6f02907 to
                  | 0.29-a0-919-gd064cfad1c
  1089 | D:1      | magus.rc [v1.9.6]
  1319 | D:1      | Quit the game

Vanquished Creatures
  3 ball pythons (D:1)
  A bat (D:1)
  An endoplasm (D:1)
  A giant cockroach (D:1)
  2 goblins (D:1)
  A hobgoblin (D:1)
  A kobold (D:1)
  A rat (D:1)
11 creatures vanquished.

Vanquished Creatures (others)
  34 foxfires (D:1)
34 creatures vanquished.

Grand Total: 45 creatures vanquished

Table legend:
 A = Non-vault XP
 B = Vault XP
 C = Vault XP percentage of total XP
 D = Non-vault monster count
 E = Vault monster count
 F = Vault count percentage of total count
                 A         B        C        D         E       F
            +---------+---------+-------+---------+---------+-------
      Total |      19 |       0 |   0.0 |      11 |       0 |   0.0
            +---------+---------+-------+---------+---------+-------
        D:1 |      19 |       0 |   0.0 |      11 |       0 |   0.0
            +---------+---------+-------+---------+---------+-------

Illustrated notes

Table legend:
 A = Kills in this place as a percentage of kills in entire the game.
 B = Kills by you in this place as a percentage of kills by you in the entire game.
 C = Kills by friends in this place as a percentage of kills by friends in the entire game.
 D = Other kills in this place as a percentage of other kills in the entire game.
 E = Experience gained in this place as a percentage of experience gained in the entire game.
 F = Experience gained in this place divided by the number of levels of this place that you have seen.
                   A       B       C       D       E      F
               +-------+-------+-------+-------+-------+----------------------
         Total | 100.0 | 100.0 |   N/A |   N/A | 100.0 |  19.0
       Dungeon | 100.0 | 100.0 |   N/A |   N/A | 100.0 |  19.0
               +-------+-------+-------+-------+-------+----------------------

Table legend: (Time is in decaauts)
 A = Elapsed time spent in this place.
 B = Non-inter-level travel time spent in this place.
 C = Inter-level travel time spent in this place.
 D = Time resting spent in this place.
 E = Time spent auto-exploring this place.
 F = Levels seen in this place.
 G = Mean time per level.
                   A        B        C        D        E       F      G
               +--------+--------+--------+--------+--------+-----+--------+
         Total |   1318 |   1243 |     75 |      0 |   1156 |   1 | 1318.0 |
       Dungeon |   1318 |   1243 |     75 |      0 |   1156 |   1 | 1318.0 |
               +--------+--------+--------+--------+--------+-----+--------+

Top non-repeatable levels by time:
     D:1: 1318 daAuts
